 Dungeon Crawl Stone Soup version 0.30.0-17-ge0270778cf (webtiles) character file.

Game seed: 15582972167175727754

73 Twinkles the Slasher (level 4, -3/34 HPs)
             Began as a Vampire Warper on May 21, 2023.
             Slain by a gnoll
             ... wielding a +0 whip
              (6 damage)
             ... on level 4 of the Dungeon.
             The game lasted 00:03:07 (1490 turns).

Twinkles the Slasher (Vampire Warper)               Turns: 1490, Time: 00:03:08

Health: -3/34      AC:  8    Str: 10    XL:     4   Next: 8%
Magic:  6/7        EV: 11    Int: 15    God:
Gold:   58         SH:  0    Dex: 18    Spells: 3/7 levels left

rFire   . . .        a - +0 falchion
rCold   . . .        (no shield)
rNeg    . . .        c - +0 ring mail
rPois   .            (no helmet)
rElec   .            (no cloak)
rCorr   .            h - +1 pair of gloves {Dex+3}
SInv    +            j - +0 pair of boots
Will    +....        (no amulet)
Stlth   +            g - ring of willpower
HPRegen 0.45/turn    k - ring of wizardry
MPRegen 0.10/turn

%: wizardry (x1)
@: healing quickly
A: alive, fangs 3, see invisible, vampiric 2
a: Exsanguinate


You were on level 4 of the Dungeon.
You visited 1 branch of the dungeon, and saw 4 of its levels.

You collected 58 gold pieces.

Inventory:

Hand Weapons
 a - a +0 falchion (weapon)
Missiles
 d - 7 boomerangs of dispersal (quivered)
Armour
 b - a +0 leather armour
 c - a +0 ring mail (worn)
 h - a +1 pair of gloves of dexterity (worn)
 j - a +0 pair of boots (worn)
Jewellery
 g - a ring of willpower (left hand)
 k - a ring of wizardry (right hand)
 n - a ring of ice
Scrolls
 f - 2 scrolls of identify {unknown}
 l - a scroll of teleportation {unknown}
 o - a scroll of noise {unknown}
 p - a scroll of amnesia {unknown}
 D - a scroll of blinking
Potions
 e - a potion of lignification {unknown}
 i - a potion of curing {unknown}
 m - a potion of might {unknown}
 q - a potion of flight {unknown}


   Skills:
 + Level 2.4 Fighting
 * Level 3.4 Long Blades
 - Level 0.7 Throwing
 - Level 0.7 Armour
 + Level 3.0 Dodging
 - Level 2.0 Spellcasting
 - Level 2.4 Translocations


You had 3 spell levels left.
You knew the following spells:

 Your Spells              Type           Power      Damage    Failure   Level
a - Blink                 Tloc           16%        N/A       13%         2
b - Lesser Beckoning      Tloc           16%        N/A       13%         2

Your spell library contained the following spells:

 Spells                   Type           Power      Damage    Failure   Level
 Teleport Other           Tloc           8%         N/A       26%         3
 Vhi's Electric Charge    Tloc/Air       10%        N/A       38%         3
 Manifold Assault         Tloc           8%         N/A       61%         4
 Summon Ice Beast         Ice/Summ       1%         N/A       89%         4
 Summon Mana Viper        Hex/Summ       1%         N/A       99%         5
 Monstrous Menagerie      Summ           0%         N/A       100%        7


Dungeon Overview and Level Annotations

Branches:
Dungeon (4/15) Zot: 22485
 Temple: D:4-7

Altars:


Innate Abilities, Weirdness & Mutations

Your natural rate of healing is accelerated.
You have razor-sharp teeth.
You have supernaturally acute eyesight. (SInv)
You are afflicted with vampirism and can become a bat while bloodless.


Message History

The gnoll barely misses you.
Okay, then.
Unknown command.
Cast which spell? (? or * to list)
Okay, then.
Unknown command.
Cast which spell? (? or * to list)
You blink.
The gnoll hits you with a +0 whip.
* * * LOW HITPOINT WARNING * * *
The gnoll closely misses you.
The endoplasm hits you but does no damage.
The gnoll hits you but does no damage. The gnoll attacks as you move away!
The gnoll hits you but does no damage. The endoplasm closely misses you.
The gnoll attacks as you move away! The gnoll hits you but does no damage.
The endoplasm closely misses you. The gnoll attacks as you move away!
The gnoll hits you with a +0 whip.
* * * LOW HITPOINT WARNING * * *
The endoplasm attacks as you move away! The endoplasm closely misses you.
The gnoll attacks as you move away! The gnoll hits you but does no damage.
Found a scroll labelled VEAHOEDACA.
You feel stable enough to blink again.
There is an escape hatch in the floor here.
The gnoll barely misses you. The gnoll misses you.
The endoplasm hits you but does no damage.
The gnoll hits you but does no damage.
You slide downwards.
The hatch slams shut behind you.
You hear the hiss of flowing sand.
There is an entrance to an ossuary on this level.
Hurry and find it before the portal is buried!
You hear the sound of rushing water.
There is an entrance to a sewer on this level.
Hurry and find it before the portal rusts away!
You slash the endoplasm!
You kill the endoplasm!
The gnoll hits you with a +0 whip.
* * * LOW HITPOINT WARNING * * *
You hit the gnoll but do no damage. The gnoll misses you.
The gnoll hits you with a +0 whip.
* * * LOW HITPOINT WARNING * * *
You barely miss the gnoll. The gnoll hits you with a +0 whip.
You die...

. ... ....+
......#####..#
......g@g...#
...##########


You could see 2 gnolls.

Vanquished Creatures
  An adder (D:3)
  2 worms (D:2)
  2 dart slugs
  An orc (D:3)
  3 ball pythons
  6 endoplasms
  A giant cockroach (D:1)
  5 goblins
  5 hobgoblins
  4 kobolds
  4 quokkas
  6 bats
  2 frilled lizards (D:2)
  6 rats
48 creatures vanquished.

Notes
Turn   | Place    | Note
-------+----------+-------------------------------------------
     0 | D:1      | Twinkles the Vampire Warper began the quest for the Orb.
     0 | D:1      | Reached XP level 1. HP: 16/16 MP: 3/3
   189 | D:1      | Reached XP level 2. HP: 19/22 MP: 5/5
   745 | D:2      | Gained mutation: You are afflicted with vampirism and can
                  | become a bat while bloodless. [Vampire growth]
   745 | D:2      | Reached XP level 3. HP: 27/27 MP: 6/6
   780 | D:2      | Learned a level 2 spell: Blink
   783 | D:2      | Learned a level 2 spell: Lesser Beckoning
  1478 | D:3      | Reached XP level 4. HP: 21/34 MP: 7/7
  1479 | D:3      | HP: 11/34 [goblin/+0 dagger (2)]
  1484 | D:3      | HP: 3/34 [gnoll/+0 whip (4)]
  1489 | D:4      | HP: 2/34 [gnoll/+0 whip (2)]
  1490 | D:4      | Slain by a gnoll

Illustrated notes

Levels and vault maps discovered:
D:1:      matt_arrival_refuge, layout_rooms, kennysheep_boxes
D:2:      layout_basic, minmay_quantized
D:3:      layout_basic, mainiacjoe_overflow_alcove_1,
          dilly_ecumenical_altar_fadedgnrine, kennysheep_another_room,
          kennysheep_generic_room_11
D:4:      layout_cave_pods, cheibrodos_worm_habitat, grunt_temple_overflow_open,
          portal_sewer_entry_b, nicolae_ossuary_entry_false_entrances,
          corexii_leaking_fountain, uniq_menkaure, uniq_natasha

Skill      XL: |  1  2  3 |
---------------+----------+-----
Fighting       | 2 |  2.4
Long Blades    | 3 |  3.4
Dodging        | 3 |  3.0
Throwing       | |  0.7
Armour         | |  0.7
Spellcasting   | |  2.0
Translocations | |  2.4

Action                     |  1- 3 |  4- 6 || total
---------------------------+-------+-------++-------
  Melee: Falchion          |   152 |     6 ||   158
         Bite              |    13 |       ||    13
         Punch             |     1 |       ||     1
   Cast: Blink             |       |     1 ||     1
 Armour: Ring mail         |    61 |    10 ||    71
  Dodge: Dodged            |   116 |    10 ||   126
